 Dungeon Crawl Stone Soup version 0.31-a0-626-g8143ab4f1d (webtiles) character file.

Game seed: 3343653610091750681

2571 ToastKing the Cleaver (level 9, -5/78 HPs)
             Began as a Minotaur Fighter on Aug 24, 2023.
             Was a Follower of Trog.
             Slain by an unseen horror simulacrum (17 damage)
             ... on level 6 of the Dungeon.
             The game lasted 00:27:31 (6854 turns).

ToastKing the Cleaver (Minotaur Fighter)            Turns: 6854, Time: 00:27:32

Health: -5/78      AC:  7    Str: 30    XL:     9   Next: 32%
Magic:  8/8        EV: 12    Int:  5    God:    Trog [*.....]
Gold:   367        SH:  4    Dex:  9    Spells: 8/8 levels left

rFire   . . .        a - +0 war axe
rCold   . . .        c - +0 buckler
rNeg    . . .        v - +1 leather armour "Woex Cuv" {Rampage Fly rCorr Str+4}
rPois   .            (helmet restricted)
rElec   .            (no cloak)
rCorr   +            j - +1 pair of gloves
SInv    .            (no boots)
Will    .....        (no amulet)
Stlth   +            (no ring)
HPRegen 0.33/turn    (no ring)
MPRegen 0.11/turn

%: rampage
@: flying
A: horns 2, retaliatory headbutt
a: Renounce Religion, Berserk


You were on level 6 of the Dungeon.
You worshipped Trog.
Trog was aware of your devotion.
You visited 2 branches of the dungeon, and saw 7 of its levels.

You collected 367 gold pieces.

Inventory:

Hand Weapons
 a - a +0 war axe (weapon)
 l - a +0 war axe
 u - a +4 hammer of draining
Missiles
 i - 12 poisoned darts (quivered)
Armour
 c - a +0 buckler (worn)
 j - a +1 pair of gloves (worn)
 v - the +1 leather armour "Woex Cuv" (worn) {Rampage Fly rCorr Str+4}
   (You found it on level 5 of the Dungeon)

   Str+4:     It affects your strength (+4).
   Fly:       It grants you flight.
   rCorr:     It protects you from acid and corrosion.
   Rampage:   It bestows one free step when moving towards enemies.
Talismans
 t - a beast talisman
Scrolls
 f - 2 scrolls of teleportation
 h - a scroll of fear
 k - 5 scrolls of identify
 o - a scroll of silence {unknown}
 p - 2 scrolls of revelation
 q - a scroll of vulnerability {unknown}
 r - a scroll of noise {unknown}
 s - 2 scrolls of enchant armour
 w - a scroll of poison {unknown}
 x - a scroll of blinking {unknown}
Potions
 b - a potion of invisibility {unknown}
 d - 2 potions of might
 e - 2 potions of resistance {unknown}
 g - 3 potions of curing
 m - 3 potions of heal wounds
 n - 2 potions of haste {unknown}


   Skills:
 + Level 6.7 Fighting
 + Level 10.4 Axes
 + Level 2.7 Throwing
 + Level 7.5 Armour
 + Level 3.6 Dodging
 + Level 2.0 Stealth
 + Level 5.0 Shields


You had 8 spell levels left.
You didn't know any spells.
Your spell library contained the following spells:

 Spells                   Type           Power      Damage    Failure   Level
 Sandblast                Erth           0%         2d4       56%         1
 Lesser Beckoning         Tloc           0%         N/A       71%         2
 Passwall                 Tmut/Erth      0%         N/A       71%         2
 Gell's Gravitas          Tloc           0%         N/A       90%         3
 Stone Arrow              Conj/Erth      0%         3d7       90%         3
 Teleport Other           Tloc           0%         N/A       90%         3


Dungeon Overview and Level Annotations

Branches:
Dungeon (6/15)             Temple (1/1) D:4

Altars:
Ashenzari
Cheibriados
Dithmenos
Fedhas
Gozag
Hepliaklqana
Kikubaaqudgha
Nemelex Xobeh
Okawaru
Qazlal
Sif Muna
Trog
Uskayaw
Vehumet
The Shining One

Shops:
D:1 :   D:6 *

Annotations:
D:4 2 transporters, soul19's ghost, amateur GrEE
D:6 dialectric's ghost, amateur DsFi


Innate Abilities, Weirdness & Mutations

You have a pair of horns on your head.
You reflexively headbutt those who attack you in melee.


Message History

As you open the gate, it creaks loudly! The unseen horror zombie hits you. x2
The unseen horror zombie attacks as it pursues you!
The unseen horror zombie closely misses you.
The unseen horror simulacrum barely misses you.
The unseen horror simulacrum closely misses you.
The unseen horror zombie misses you. You furiously retaliate!
You headbutt the unseen horror zombie. The unseen horror simulacrum hits you.
The unseen horror simulacrum freezes you!
The unseen horror zombie barely misses you.
Dialectric's ghost screams, "Don't try to defend!
You have no chance!"
The unseen horror zombie attacks as it pursues you!
You block the unseen horror zombie's attack.
The unseen horror zombie barely misses you.
You furiously retaliate!
You headbutt the unseen horror zombie, but do no damage.
The unseen horror simulacrum hits you but does no damage.
The unseen horror zombie hits you but does no damage.
The unseen horror simulacrum barely misses you.
The unseen horror zombie barely misses you.
You furiously retaliate!
You headbutt the unseen horror zombie! The unseen horror zombie hits you.
The unseen horror zombie hits you but does no damage.
You slash the unseen horror zombie! You headbutt the unseen horror zombie!
The unseen horror zombie is heavily damaged.
The unseen horror zombie hits you. The unseen horror simulacrum hits you.
The unseen horror simulacrum freezes you!!
* * * LOW HITPOINT WARNING * * *
The unseen horror zombie hits you.
* * * LOW HITPOINT WARNING * * *
The unseen horror simulacrum hits you but does no damage.
The unseen horror zombie closely misses you.
You furiously retaliate!
You headbutt the unseen horror zombie! You hit the unseen horror simulacrum.
Your headbutt misses the unseen horror simulacrum.
The unseen horror simulacrum is moderately damaged.
You slash the unseen horror zombie! x2; The unseen horror simulacrum hits you!
* * * LOW HITPOINT WARNING * * *
The unseen horror simulacrum freezes you!
You die...

........####.....##.$)!.##...#
.......##.....#..#.......#..##
...........##....##.....#####
................##.Z.....#
.....##........#####'''###
......##.......####.....#
...........#......#Z....#
...........#.#.ZZZZW..###
.............#..@######
.............###.##
............รท.....###
..#....#...##.......#
..####.#######.....## ..# ###
#.....## ..# ###..## ..# #.##
.## ###


You could see a spectral centaur, dialectric's ghost, an unseen horror
simulacrum, 2 unseen horror zombies and a howler monkey skeleton.

Vanquished Creatures
  Pikel (D:4)
  A steam dragon (D:6)
  A water moccasin (D:6)
  Duvessa (D:4)
  An ice beast (D:5)
  A sky beast (D:6)
  3 black bears
  An ogre (D:5)
  A centaur (D:6)
  A phantom (D:5)
  5 scorpions
  Dowan (D:4)
  2 jellies
  A gnoll bouda (D:5)
  Crazy Yiuf (D:4)
  4 hounds
  3 orc priests
  A sleepcap (D:3)
  2 iguanas
  2 orc wizards
  12 gnolls
  7 adders
  A white imp (D:5)
  A worm (D:4)
  3 dart slugs
  17 orcs
  10 bats
  3 endoplasms
  5 giant cockroaches
  6 goblins
  13 hobgoblins
  A quokka (D:2)
  7 ball pythons
  4 frilled lizards
  3 kobolds
  4 rats
131 creatures vanquished.

Notes
Turn   | Place    | Note
-------+----------+-------------------------------------------
     0 | D:1      | ToastKing the Minotaur Fighter began the quest for the Orb.
     0 | D:1      | Reached XP level 1. HP: 19/19 MP: 0/0
    76 | D:1      | Reached XP level 2. HP: 26/27 MP: 1/1
   123 | D:1      | Found Ibrig's Book Shoppe.
   258 | D:1      | Reached skill level 3 in Axes
   267 | D:1      | Reached XP level 3. HP: 33/33 MP: 2/2
   991 | D:2      | Found a sparkling altar of Nemelex Xobeh.
  1060 | D:2      | Reached XP level 4. HP: 11/40 MP: 3/3
  1066 | D:2      | HP: 1/40 [gnoll/+0 spear (4)]
  1414 | D:2      | Reached skill level 4 in Axes
  2495 | D:3      | Reached XP level 5. HP: 47/47 MP: 4/4
  2553 | D:3      | Noticed a black bear
  2560 | D:3      | Killed a black bear
  2561 | D:3      | Reached skill level 5 in Axes
  2561 | D:3      | Reached skill level 1 in Dodging
  2584 | D:3      | Reached skill level 5 in Armour
  2699 | D:3      | Reached XP level 6. HP: 53/53 MP: 5/5
  2967 | D:3      | Found a faded altar of an unknown god.
  3642 | D:4      | Found a staircase to the Ecumenical Temple.
  3733 | Temple   | Entered the Ecumenical Temple
  3778 | Temple   | Became a worshipper of Trog the Wrathful
  3922 | D:4      | Identified the +8 trident "Demonslayer" {vamp, Fly rC+
                  | Int+2 Dex+4}
  3949 | D:4      | Noticed Pikel
  3955 | D:4      | Noticed Duvessa
  3958 | D:4      | Killed Pikel
  3959 | D:4      | Reached skill level 5 in Fighting
  3959 | D:4      | Reached skill level 6 in Axes
  3959 | D:4      | Reached XP level 7. HP: 56/61 MP: 6/6
  3961 | D:4      | Noticed Dowan
  3968 | D:4      | Killed Duvessa
  3969 | D:4      | Reached skill level 7 in Axes
  3969 | D:4      | Reached skill level 1 in Throwing
  3994 | D:4      | Killed Dowan
  4305 | D:4      | Found a transporter.
  4305 | D:4      | Found a transporter.
  4437 | D:4      | Reached XP level 8. HP: 43/70 MP: 7/7
  4672 | D:4      | Found a runed translucent door.
  4673 | D:4      | Noticed Crazy Yiuf
  4785 | D:4      | Noticed soul19's ghost (amateur GrEE)
  4841 | D:4      | Killed Crazy Yiuf
  4982 | D:5      | Entered Level 5 of the Dungeon
  4996 | D:5      | Identified the +1 leather armour "Woex Cuv" {Rampage Fly
                  | rCorr Str+4}
  5115 | D:5      | Reached skill level 8 in Axes
  5255 | D:5      | Reached skill level 1 in Stealth
  5469 | D:5      | Reached * piety under Trog
  5590 | D:5      | Reached skill level 9 in Axes
  6128 | D:6      | Reached XP level 9. HP: 56/78 MP: 8/8
  6229 | D:6      | Reached skill level 10 in Axes
  6461 | D:6      | Found a runed translucent gate.
  6461 | D:6      | Found a runed translucent gate.
  6464 | D:6      | Found a runed translucent gate.
  6465 | D:6      | Noticed dialectric's ghost (amateur DsFi)
  6477 | D:6      | Found Kefew's General Store.
  6518 | D:6      | Reached skill level 5 in Shields
  6854 | D:6      | Slain by an unseen horror simulacrum

Illustrated notes

Levels and vault maps discovered:
D:1:      psy_arrival_fountain, layout_basic, serial_shops,
          nicolae_shop_hallway_plus
D:2:      kennysheep_big_flooded_room, layout_basic, basic_altar, minivault_25
D:3:      layout_basic, shapermc_ecumenical_altar_mp_vishouse
D:4:      layout_loops_cross, temple_hall, gammafunk_ghost_gnarly_gnolls,
          uniq_pikel, uniq_crazy_yiuf_cottage, uniq_duvessa
D:5:      layout_loops_ring
D:6:      layout_cave_pools, gammafunk_ghost_necromancy, serial_shops, shop
Temple:   regret_index_temple_generic_petals

Skill      XL: |  1  2  3  4  5  6  7  8  9 |
---------------+----------------------------+-----
Fighting       | 4 5 6 |  6.7
Armour         | 4 5 6 7 |  7.5
Shields        | 4 5 |  5.0
Axes           | 3 4 5 6 7 9 10 | 10.4
Dodging        | 1 2 3 |  3.6
Throwing       | 1 2 |  2.7
Stealth        | 1 2 |  2.0

Action                     |  1- 3 |  4- 6 |  7- 9 || total
---------------------------+-------+-------+-------++-------
  Melee: War axe           |    71 |    85 |   176 ||   332
         Headbutt          |     2 |    15 |    33 ||    50
  Throw: Dart              |       |     4 |    26 ||    30
    Use: Scroll            |     4 |     2 |       ||     6
         Potion            |       |     2 |     1 ||     3
 Armour: Scale mail        |    26 |    37 |    21 ||    84
         Leather armour    |       |       |    39 ||    39
  Dodge: Dodged            |    44 |    36 |    83 ||   163
  Block: Buckler           |    19 |    11 |    34 ||    64
         Form:             |       |       |     2 ||     2
         Beast             |       |       |     2 ||     2

Table legend: (Time is in decaauts)
 A = Elapsed time spent in this place.
 B = Non-inter-level travel time spent in this place.
 C = Inter-level travel time spent in this place.
 D = Time resting spent in this place.
 E = Time spent auto-exploring this place.
 F = Levels seen in this place.
 G = Mean time per level.
                   A        B        C        D        E       F      G
               +--------+--------+--------+--------+--------+-----+--------+
         Total |   6925 |   6851 |     74 |    967 |   4454 |   7 |  989.3 |
       Dungeon |   6842 |   6804 |     38 |    967 |   4454 |   6 | 1140.3 |
        Temple |     82 |     46 |     36 |      0 |      0 |   1 |   82.0 |
               +--------+--------+--------+--------+--------+-----+--------+

Top non-repeatable levels by time:
     D:2: 1471 daAuts
     D:4: 1329 daAuts
     D:3: 1235 daAuts
     D:6: 1060 daAuts
     D:1: 925 daAuts
     D:5: 818 daAuts
  Temple: 82 daAuts
